 Dungeon Crawl Stone Soup version 0.28.0-49-g6dfe1f597d (webtiles) character file.

Game seed: 4054844429569371762

29054 101zpm the Eclecticist (level 13, -1/69 HPs)
             Began as a Djinni Fire Elementalist on May 11, 2022.
             Was a High Priest of Hepliaklqana.
             Killed by divine providence
             ... invoked by Saint Roka
              (16 damage)
             ... on level 2 of the Orcish Mines.
             The game lasted 01:02:01 (15697 turns).

101zpm the Eclecticist (Djinni Fire Elementalist)  Turns: 15697, Time: 01:02:02

Health: -1/69      AC:  8    Str:  7    XL:     13   Next: 78%
Gold:   1528       EV: 12    Int: 22    God:    Hepliaklqana [*****.] SH:  0 Dex: 14

rFire   + + .      SeeInvis .   u - +5 demon trident (antimagic)
rCold   x . .      Faith    .   (no shield)
rNeg    . . .      Spirit   .   I - +1 troll leather armour
rPois   ∞          Reflect  .   t - +0 helmet
rElec   .          Harm     .   m - scarf {shadows}
rCorr   .          Rampage  .   j - +0 pair of gloves
Will    +....                   (boots unavailable)
Stlth   ++........              g - amulet of regeneration
HPRegen 1.81/turn               e - ring of wizardry
MPRegen 0.00/turn               (no ring)

@: flying
A: reduced essence, sickness immunity, fire resistance 2, cold vulnerability 1,
float, innate caster, HP casting, extra vitality 1
a: Renounce Religion, Recall Ancestor, Ancestor Identity, Transference, Idealise


You were on level 2 of the Orcish Mines.
You worshipped Hepliaklqana.
Hepliaklqana was extremely pleased with you.
You visited 3 branches of the dungeon, and saw 16 of its levels.
You also visited: Sewer and Ossuary.

You collected 1528 gold pieces.

Inventory:

Hand Weapons
 u - a +5 antimagic demon trident (weapon)
Missiles
 a - 2 throwing nets
Armour
 j - a +0 pair of gloves (worn)
 k - the +1 ring mail of the Contumacious Okapi {+Inv Will- rCorr Int+4}
   (You found it on level 2 of the Dungeon)

   Int:       It affects your intelligence (+4).
   +Inv:      It lets you turn invisible.
   rCorr:     It protects you from acid and corrosion.
   Will:      It decreases your willpower.
 m - a scarf of shadows (worn)
 t - a +0 helmet (worn)
 y - the +5 chain mail of Untold Secrets {Str+3 Dex+2}
   (You found it on level 5 of the Dungeon)

   Str:       It affects your strength (+3).
   Dex:       It affects your dexterity (+2).
 I - a +1 troll leather armour (worn)
Jewellery
 e - a ring of wizardry (left hand)
 g - an amulet of regeneration (around neck)
Wands
 C - a wand of iceblast (7)
 G - a wand of paralysis (3)
 K - a wand of charming (2)
 M - a wand of flame (18)
Scrolls
 b - 7 scrolls of teleportation
 f - 2 scrolls of magic mapping
 o - a scroll of summoning
 r - 2 scrolls of amnesia
 s - a scroll of fog
 x - 3 scrolls of enchant weapon
 z - a scroll of silence
 D - 3 scrolls of noise
 E - 4 scrolls of vulnerability
 H - 4 scrolls of immolation
 J - 3 scrolls of fear
 L - a scroll of brand weapon {unknown}
Potions
 d - 3 potions of heal wounds {unknown}
 h - 4 potions of might {unknown}
 i - 2 potions of ambrosia {unknown}
 l - 4 potions of flight {unknown}
 n - 5 potions of resistance {unknown}
 p - 3 potions of degeneration {unknown}
 q - 7 potions of curing {unknown}
 v - 2 potions of attraction {unknown}
 w - 5 potions of brilliance {unknown}
 A - a potion of invisibility
 B - 5 potions of magic {unknown}
 F - 2 potions of mutation {unknown}
 N - a potion of cancellation {unknown}


   Skills:
 + Level 1.4 Fighting
 + Level 4.7 Armour
 + Level 4.2 Dodging
 + Level 3.2 Stealth
 + Level 16.5 Spellcasting


You had 13 spell levels left.
You knew the following spells:

 Your Spells              Type           Power      Damage    Failure   Level
a - Foxfire               Conj/Fire      100%       2x1d9     0%          1
b - Scorch                Fire           100%       2d10      0%          2
c - Conjure Flame         Conj/Fire      74%        6-21      0%          3
d - Inner Flame           Hex/Fire       74%        N/A       0%          3
e - Flame Wave            Conj/Fire      74%        2d13      1%          4
f - Apportation           Tloc           100%       N/A       0%          1
g - Call Imp              Summ           74%        N/A       0%          2
h - Tukima's Dance        Hex            74%        N/A       0%          3
i - Cause Fear            Hex            37%        N/A       1%          4
j - Leda's Liquefaction   Hex/Erth       37%        N/A       1%          4
k - Freezing Cloud        Conj/Ice/Air   37%        6-21      1%          5
Your spell library was empty.

Dungeon Overview and Level Annotations

Branches:
Dungeon (13/15)            Temple (1/1) D:4            Lair (0/6) D:10
    Orc (2/2) D:9             Elf (0/3) Orc:2         Sewer (visited)
Ossuary (visited)
 Vaults: D:13-14

Altars:
Ashenzari
Cheibriados
Dithmenos
Elyvilon
Fedhas
Gozag
Hepliaklqana
Kikubaaqudgha
Makhleb
Nemelex Xobeh
Okawaru
Qazlal
Ru
Sif Muna
Trog
Uskayaw
Vehumet
Wu Jian
Xom
Yredelemnul
Zin
The Shining One
Beogh
Jiyva

Shops:
D:2 *(   Orc:2 [

Annotations:
D:9 exclusion: downstairs
Orc:2 Saint Roka


Innate Abilities, Weirdness & Mutations

Your life essence is reduced to manifest your ancestor. (-10% HP)
You are immune to sickness and miasma.
You are immune to poison.
Your flesh is very heat resistant. (rF++)
You are vulnerable to cold. (rC-)
You float through the air rather than walking.
You learn spells naturally, not from books.
Your magical power is your life essence.
You have superior vitality. (+4 MHP)


Message History

The orc warrior is moderately wounded.
Saint Roka shoots a bolt.
The bolt hits you!
Nammahani blocks something's attack.
Nammahani hits something with a +0 flail!
The orc warrior is engulfed in blazing flames.
Flame seeps out of the orc warrior.
Casting: Foxfire (safe; 0% risk of failure)
Confirm with . or Enter, or press ? or * to list all spells.
Flames lash the orc wizard.
The orc wizard explodes!
The foxfire hits the orc warrior!
The orc warrior explodes!
Saint Roka shoots a bolt.
The bolt hits you!
* * * LOW HITPOINT WARNING * * *
Something hits Nammahani.
Nammahani hits something with a +0 flail!
You feel a bit more experienced.
As you read the scroll of summoning, it crumbles to dust.
Wisps of shadow whirl around you...
The foxfire hits Saint Roka.
Flame seeps out of Saint Roka.
Saint Roka is lightly wounded.
Saint Roka is engulfed in blazing flames.
Flame seeps out of Saint Roka.
Nammahani hits Saint Roka with a +0 flail!
Flame seeps out of Saint Roka.
What are your orders? t - Shout!
Orders for allies: a - Attack new target. r - Retreat! s - Stop attacking. g - Guard the area. f - Follow me.
Anything else - Cancel.
Gang up on whom?
Press: ? - help, Dir - move target, f - Saint Roka
Aim: Saint Roka, wielding a +0 arbalest, wearing a +0 chain mail and quivering bolts (flame, lightly wounded, inner flame, ally target) Attack!
Saint Roka is engulfed in blazing flames.
Flame seeps out of Saint Roka.
Saint Roka invokes the aid of Beogh against you.
Beogh smites you!
You die...

#. #. ......_...... ##
.....)○...... # ....oRo......
##..o.§§...## ....§o§)§.. #
#o[o§o# # #..@To# .## #8[.o8#
... ##### #o...)### #. ##.#.##
#...o.#.## ### .# #.....####
#o.o#[...# #.# ##.#.#...##
##o.[[..## ##.#### ##.......#
##.[##### #...#.#
##.....#####...[...# ###..#...
###.#....#..##.......###.......#


You could see the friendly Nammahani the knight, Saint Roka (inner flame, ally
target), a friendly troll (summoned), 2 friendly orc warriors, a friendly orc
priest (summoned, wandering), 2 friendly orc wizards and 8 friendly orcs.

Vanquished Creatures
  2 hydras
  8 two-headed ogres
  A tengu warrior (D:11)
  An orc high priest (Orc:2)
  Urug (Orc:1)
  A deep elf pyromancer (D:11)
  4 orc knights
  3 orc sorcerers (Orc:2)
  An ugly thing (D:13)
  2 cyclopes
  2 manticores
  2 kobold demonologists
  An unseen horror (D:12)
  5 trolls
  Grinder (D:4)
  A shadow (D:10)
  A wraith (D:12)
  A yak (shapeshifter) (D:13)
  5 yaks (D:9)
  2 wyverns (D:10)
  A basilisk (D:10)
  9 wargs
  7 vampire mosquitoes
  Menkaure (D:5)
  3 acid dragons
  5 water moccasins
  Duvessa (D:5)
  2 ice beasts
  24 orc warriors
  3 sky beasts
  3 wolves (D:10)
  2 black bears
  2 ogres
  2 centaurs
  2 phantoms
  A bullfrog (D:8)
  Blork the orc (D:4)
  A kobold brigand (D:11)
  2 scorpions
  An elf zombie (Ossuary)
  2 water moccasin zombies
  Dowan (D:5)
  2 water moccasin skeletons
  13 killer bees
  4 wights (D:7)
  A bullfrog zombie (D:5)
  5 centaur zombies
  6 hounds
  3 jellies
  12 orc priests
  A centaur skeleton (D:7)
  A gnoll shaman (D:7)
  A bullfrog skeleton (D:5)
  3 iguanas
  22 orc wizards
  A scorpion zombie (D:5)
  A killer bee zombie (D:9)
  2 hound zombies (D:5)
  3 mummies
  7 gnolls
  A howler monkey skeleton (D:5)
  9 adders
  A white imp (D:8)
  2 adder zombies (Ossuary)
  A worm (D:2)
  5 dart slugs
  59 orcs
  5 endoplasms
  5 giant cockroaches
  5 hobgoblins
  4 jackals (D:3)
  16 kobolds
  4 quokkas
  12 ball pythons
  7 bats
  6 frilled lizards
  9 goblins
  9 hobgoblin zombies (Ossuary)
  2 jackal zombies (Ossuary)
  10 kobold zombies (Ossuary)
  9 orc zombies (Ossuary)
  4 rats
  A rat zombie (Ossuary)
395 creatures vanquished.

Vanquished Creatures (collateral kills)
  A hydra (D:12)
  An orc knight (Orc:1)
  A gargoyle (D:13)
  An unseen horror (D:10)
  A shadow (D:11)
  A wyvern (D:10)
  A yak (D:9)
  A vampire mosquito (D:9)
  An orc warrior (Orc:1)
  A bullfrog (D:6)
  A killer bee (D:11)
  A wight (D:7)
  A howler monkey (D:7)
  A centaur zombie (D:9)
  A hound (D:6)
  An orc wizard (Orc:2)
  A killer bee zombie (D:8)
  4 orcs
  A rat (D:6)
  4 foxfires
26 creatures vanquished.

Vanquished Creatures (others)
  A dancing weapon (D:11)
  3 knights
  2 ancestors
  1591 foxfires
  3 fungi (D:10)
  23 plants
  11 withered plants (D:3)
1634 creatures vanquished.

Grand Total: 2055 creatures vanquished

Notes
Turn   | Place    | Note
-------+----------+-------------------------------------------
     0 | D:1      | 101zpm the Djinni Fire Elementalist began the quest for the
                  | Orb.
     0 | D:1      | Reached XP level 1. HP: 15/15 MP: 0/0
   371 | D:1      | Reached XP level 2. HP: 17/21 MP: 0/0
  1030 | D:1      | Reached skill level 3 in Spellcasting
  1269 | D:1      | Reached XP level 3. HP: 19/25 MP: 0/0
  1269 | D:1      | Learned a level 1 spell: Apportation
  2517 | D:2      | Found Wuyrur's Assorted Antiques.
  2689 | D:2      | Reached XP level 4. HP: 26/31 MP: 0/0
  3063 | D:2      | Identified the +1 ring mail of the Contumacious Okapi {+Inv
                  | Will- rCorr Int+4}
  3293 | D:2      | Found Udyt's Weapon Emporium.
  3539 | D:3      | Reached skill level 4 in Spellcasting
  3539 | D:3      | Reached XP level 5. HP: 31/35 MP: 0/0
  3539 | D:3      | Learned a level 2 spell: Call Imp
  3838 | D:3      | Found an opulent altar of Gozag.
  4017 | D:3      | Found a faded altar of an unknown god.
  4629 | D:4      | Reached XP level 6. HP: 36/40 MP: 0/0
  4662 | D:4      | Found a staircase to the Ecumenical Temple.
  4679 | D:4      | Noticed Blork the orc
  4683 | D:4      | Killed Blork the orc
  4684 | D:4      | Reached skill level 5 in Spellcasting
  4722 | Temple   | Entered the Ecumenical Temple
  4888 | Temple   | Became a worshipper of Hepliaklqana the Forgotten
  4916 | D:5      | Entered Level 5 of the Dungeon
  4926 | D:5      | Noticed Menkaure
  4928 | D:5      | Reached XP level 7. HP: 42/45 MP: 0/0
  4928 | D:5      | Learned a level 3 spell: Tukima's Dance
  4934 | D:5      | Killed Menkaure
  4935 | D:5      | Noticed Duvessa
  4938 | D:5      | Killed Duvessa
  4939 | D:5      | Reached skill level 6 in Spellcasting
  4939 | D:5      | Reached XP level 8. HP: 19/51 MP: 0/0
  4940 | D:5      | Noticed Dowan
  4944 | D:5      | Killed Dowan
  5018 | D:5      | Found a sand-covered staircase.
  5030 | Ossuary  | Entered an ossuary
  5168 | Ossuary  | Reached skill level 7 in Spellcasting
  5474 | D:5      | Identified the +5 chain mail of Untold Secrets {Str+3
                  | Dex+2}
  5570 | D:5      | Found a shimmering altar of Xom.
  5777 | D:4      | Noticed Grinder
  5785 | D:4      | Killed Grinder
  5786 | D:4      | Reached skill level 8 in Spellcasting
  5786 | D:4      | Reached XP level 9. HP: 19/56 MP: 0/0
  5786 | D:4      | Learned a level 4 spell: Cause Fear
  6008 | D:4      | Reached * piety under Hepliaklqana
  6166 | D:4      | Reached skill level 1 in Armour
  6545 | D:5      | Found a sparkling altar of Nemelex Xobeh.
  6546 | D:5      | Found a stormy altar of Qazlal.
  6765 | D:6      | Found a glowing drain.
  6796 | Sewer    | Entered a sewer
  7299 | D:6      | Reached skill level 9 in Spellcasting
  7895 | D:6      | Found a broken altar of Ashenzari.
  8100 | D:7      | Found a hide-covered altar of Uskayaw.
  8128 | D:7      | Reached XP level 10. HP: 52/54 MP: 0/0
  8186 | D:7      | Reached ** piety under Hepliaklqana
  8333 | D:7      | Reached skill level 10 in Spellcasting
  8486 | D:7      | Found a glowing silver altar of Zin.
  8873 | D:8      | Noticed a two-headed ogre
  8879 | D:8      | Killed a two-headed ogre
  9504 | D:9      | Reached skill level 11 in Spellcasting
  9577 | D:9      | Found a staircase to the Orcish Mines.
  9735 | D:9      | Reached skill level 1 in Fighting
  9804 | D:9      | Reached *** piety under Hepliaklqana
  9841 | D:9      | Reached XP level 11. HP: 51/60 MP: 0/0
  9841 | D:9      | Learned a level 4 spell: Leda's Liquefaction
 10130 | D:9      | Reached skill level 12 in Spellcasting
 10446 | Orc:1    | Entered Level 1 of the Orcish Mines
 10455 | Orc:1    | Noticed an orc knight
 10465 | Orc:1    | Killed an orc knight
 10592 | Orc:1    | Noticed an orc knight
 10600 | Orc:1    | Killed an orc knight
 10602 | Orc:1    | Noticed Urug
 10608 | Orc:1    | Killed Urug
 10714 | Orc:1    | Reached skill level 13 in Spellcasting
 10880 | Orc:2    | Entered Level 2 of the Orcish Mines
 10880 | Orc:2    | Found Cexamux's Antique Armour Shop.
 10940 | Orc:2    | Found a staircase to the Elven Halls.
 11046 | Orc:2    | Noticed a cyclops
 11053 | Orc:2    | Killed a cyclops
 11171 | Orc:2    | Noticed an orc sorcerer
 11173 | Orc:2    | Noticed an orc sorcerer
 11192 | Orc:2    | Killed an orc sorcerer
 11193 | Orc:2    | Reached XP level 12. HP: 35/65 MP: 0/0
 11283 | Orc:2    | Remembered your ancestor Nammahani as a knight
 11301 | Orc:2    | Noticed Saint Roka
 11305 | Orc:2    | Noticed an orc high priest
 11535 | Orc:2    | Reached skill level 14 in Spellcasting
 11617 | Orc:2    | Killed an orc high priest
 11809 | D:10     | Entered Level 10 of the Dungeon
 11809 | D:10     | Noticed a two-headed ogre
 11927 | D:10     | Noticed a two-headed ogre
 11932 | D:10     | Killed a two-headed ogre
 11971 | D:10     | Found a blossoming altar of Fedhas.
 12067 | D:10     | Killed a two-headed ogre
 12067 | D:10     | Noticed a two-headed ogre
 12068 | D:10     | Killed a two-headed ogre
 12079 | D:10     | Reached skill level 15 in Spellcasting
 12123 | D:10     | Reached **** piety under Hepliaklqana
 12125 | D:10     | Found a staircase to the Lair.
 12268 | D:10     | Found a basalt altar of Yredelemnul.
 12465 | D:10     | Found a bloodstained altar of Trog.
 12617 | D:11     | Reached XP level 13. HP: 57/69 MP: 0/0
 12617 | D:11     | Learned a level 5 spell: Freezing Cloud
 12831 | D:11     | Noticed a seven-headed hydra
 12837 | D:11     | Killed a seven-headed hydra
 13520 | D:12     | Reached ***** piety under Hepliaklqana
 13867 | D:12     | Noticed a four-headed hydra
 13872 | D:12     | Killed a four-headed hydra
 13873 | D:12     | Reached skill level 16 in Spellcasting
 14060 | D:12     | Noticed a five-headed hydra
 14066 | D:12     | Killed a five-headed hydra
 15697 | Orc:2    | Killed from afar by Saint Roka

Illustrated notes

Levels and vault maps discovered:
D:1:      eino_arrival_water_cross, layout_basic, minmay_indecisive_spiral
D:2:      layout_loops_ring, serial_shops, nicolae_lakefront_shop,
          nicolae_shop_overgrown_old_shop
D:3:      layout_basic, mainiacjoe_overflow_tiny_flanked,
          shapermc_ecumenical_altar_flowoftime
D:4:      layout_gridville, led_sif_pool, temple_pool_b, uniq_grinder,
          uniq_blork_the_orc
D:5:      layout_cave_pools, nicolae_overflow_hidden_temple,
          gammafunk_temple_overflow_statue, gup_ossuary_entry_pyramid,
          serial_undead, serial_undead_b, serial_undead_d, serial_undead_c,
          serial_undead_e, minmay_stone_trees_medium, kennysheep_diamond,
          uniq_menkaure, uniq_duvessa
D:6:      layout_loops_ring, nicolae_ashenzari_skybound, portal_sewer_entry_b,
          abandoned_shop
D:7:      layout_basic, mainiacjoe_overflow_brackets,
          mainiacjoe_overflow_divided_tiny, lemuel_crystal_altar
D:8:      layout_loops_ring, corexii_checkpoint_a, kennysheep_generic_room_12
D:9:      layout_roguey, minmay_orc_entry_guard_dogs
D:10:     layout_roguey, nicolae_overflow_crystal_walls, kennysheep_mini_moat,
          mainiacjoe_overflow_small_starburst, minmay_lair_entry_grove
D:11:     layout_small_grid, nicolae_figureground_sparkle
D:12:     layout_gridville
D:13:     layout_loops_ring, serial_co_window_serial, co_window_corner_a,
          co_window_paths_b, co_window_paths_a, co_window_paths_a,
          co_window_cross_1, co_window_of_opportunity_b, co_window_corner_b,
          co_window_of_opportunity_c, co_window_broadway_b,
          co_window_broadway_a, co_window_broadway_b, glass_columns_b
Temple:   pf_slime_end_temple
Orc:1:    layout_caves, basic_altar, uniq_urug
Orc:2:    grunt_orc_cross, layout_diamond_mine, serial_shops,
          nicolae_shop_hallway_stairs

Skill      XL: |  1  2  3  4  5  6  7  8  9 10 11 12 13 |
---------------+----------------------------------------+-----
Spellcasting   | 3 4 5 6 8 9 11 13 15 16 | 16.5
Stealth        | 2 3 |  3.2
Dodging        | 3 4 |  4.2
Armour         | 2 3 4 |  4.7
Fighting       | 1 |  1.4

Action                   |  1- 3 |  4- 6 |  7- 9 | 10-12 | 13-15 || total
-------------------------+-------+-------+-------+-------+-------++-------
 Cast: Foxfire           |   148 |   110 |   311 |   330 |   143 ||  1042
       Scorch            |     4 |    10 |    36 |   102 |    42 ||   194
       Inner Flame       |       |     6 |    39 |   151 |    48 ||   244
       Call Imp          |       |     2 |       |     3 |     4 ||     9
       Flame Wave        |       |     1 |       |     2 |       ||     3
       Conjure Flame     |       |       |       |     2 |       ||     2
       Tukima's Dance    |       |       |       |       |     4 ||     4
       Cause Fear        |       |       |       |       |     1 ||     1
       Leda's Liquefacti |       |       |       |       |     1 ||     1
Invok: Recall Ancestor   |       |       |       |     1 |       ||     1
       Ancestor Life: Kn |       |       |       |     1 |       ||     1
  Use: Scroll            |       |     3 |     8 |     4 |     6 ||    21
Armor: Robe              |       |     1 |    20 |       |       ||    21
       Chain mail        |       |       |    20 |    17 |       ||    37
       Troll leather arm |       |       |       |    15 |     1 ||    16
Dodge: Dodged            |       |     6 |    34 |    21 |     3 ||    64
